 Dungeon Crawl Stone Soup version 0.31-a0-978-g1e143483b6 (webtiles) character file.

Game seed: 3903647522234304698

4753 Xavori the Slasher (level 10, -1/79 HPs)
             Began as a Djinni Chaos Knight on Oct 31, 2023.
             Was a Plaything of Xom.
             Slain by a sixfirhy (4 damage)
             ... on level 1 of the Abyss.
             The game lasted 00:12:20 (8526 turns).

Xavori the Slasher (Djinni Chaos Knight)            Turns: 8526, Time: 00:12:21

Health: -1/79      AC:  9    Str: 21    XL:     10   Next: 74%
Gold:   2410       EV: 13    Int: 13    God:    Xom [.*....] SH: 12 Dex: 14

rFire   + + +        o - +1 demon blade (venom)
rCold   + . .        d - +2 shield of Resistance {rF++ rC++ Will++}
rNeg    . . .        b - +2 leather armour
rPois   ∞            (helmet restricted)
rElec   .            (no cloak)
rCorr   .            x - +1 pair of gloves
SInv    +            (boots unavailable)
Will    +++..        (no amulet)
Stlth   +            w - ring of protection from fire
HPRegen 0.33/turn    g - +6 ring of strength
MPRegen 0.00/turn

%: infuse magic (-2 HP)
@: flying
A: sickness immunity, fire resistance 3, cold vulnerability 1, float, innate
caster, HP casting, extra vitality 1, horns 1, iridescent scales 1, see
invisible, clumsy 1, robust 1, strong 1, MP-powered wands
a: Renounce Religion


You were on level 1 of the Abyss.
You worshipped Xom.
You were a plaything of Xom.
You visited 1 branch of the dungeon, and saw 8 of its levels.
You visited the Abyss 1 time.
You also visited: Bailey.

You collected 2550 gold pieces.
You spent 140 gold pieces at shops.

Inventory:

Hand Weapons
 o - a +1 demon blade of venom (weapon)
 y - a +0 double sword
Missiles
 j - 3 throwing nets
Armour
 b - a +2 leather armour (worn)
 d - the +2 shield of Resistance (worn) {rF++ rC++ Will++}
   (You acquired it on level 4 of the Dungeon)

   rF++:      It greatly protects you from fire.
   rC++:      It greatly protects you from cold.
   Will++:    It greatly increases your willpower.
 l - a +0 helmet
 x - a +1 pair of gloves (worn)
Jewellery
 g - a +6 ring of strength (right hand)
 k - a ring of fire
 w - a ring of protection from fire (left hand)
Wands
 s - a wand of digging (12)
 D - a wand of polymorph (11)
 H - a wand of charming (10)
Scrolls
 c - a scroll of butterflies
 h - 3 scrolls of enchant armour
 i - a scroll of fog
 n - 3 scrolls of teleportation
 r - a scroll of poison
 t - 3 scrolls of vulnerability
 u - 3 scrolls of blinking
 A - a scroll of fear
Potions
 a - 3 potions of cancellation {unknown}
 f - a potion of might
 m - 2 potions of mutation
 p - 2 potions of curing
 q - a potion of degeneration {unknown}
 v - a potion of lignification {unknown}
 z - a potion of attraction {unknown}
 F - 2 potions of heal wounds {unknown}
 G - a potion of haste {unknown}
 J - a potion of ambrosia {unknown}


   Skills:
 + Level 6.2 Fighting
 * Level 7.3 Long Blades
 + Level 5.4 Armour
 + Level 6.3 Dodging
 * Level 6.5 Shields
 * Level 4.2 Spellcasting
 * Level 4.2 Conjurations
 * Level 4.2 Hexes
   Level 0.0 Charms
 * Level 4.2 Summonings
 * Level 4.2 Necromancy
 * Level 4.2 Translocations
 * Level 4.2 Transmutations
 * Level 4.2 Fire Magic
 * Level 4.2 Ice Magic
 * Level 4.2 Air Magic
 * Level 4.2 Earth Magic
 * Level 4.2 Poison Magic


You knew the following spells:

 Your Spells              Type           Power      Damage    Failure   Level
a - Necrotise             Necr           52%        1d6       9%          1
b - Poisonous Vapours     Pois/Air       26%        N/A       13%         2
c - Gell's Gravitas       Tloc           13%        N/A       26%         3
d - Leda's Liquefaction   Hex/Erth       6%         N/A       63%         4
Your spell library was empty.

Dungeon Overview and Level Annotations

Branches:
Dungeon (8/15)             Temple (0/1) D:6          Bailey (visited)
   Lair: D:8-11

Altars:
Cheibriados
Hepliaklqana
Makhleb
Nemelex Xobeh
Ru
Trog
Uskayaw
Zin

Shops:
D:6 (*

Annotations:
D:8 Psyche


Innate Abilities, Weirdness & Mutations

You are immune to sickness and miasma.
You are immune to poison.
Your flesh is almost immune to the effects of heat. (rF+++)
You are vulnerable to cold. (rC-)
You float through the air rather than walking.
You learn spells naturally, not from books.
Your magical power is your life essence.
You have superior vitality. (+4 MHP)
You have a pair of small horns on your head.
You are partially covered in iridescent scales. (AC +2)
You have supernaturally acute eyesight. (SInv)
You are clumsy. (Dex -2)
You are robust. (+10% HP)
Your muscles are strong. (Str +4, Int/Dex -1)
You expend health (3 HP) to strengthen your wands.


Message History

A chaos spawn comes into view.
You start resting.
A sixfirhy comes into view.
Okay, then.
You block the sixfirhy's attack. The sixfirhy hits you!
The sixfirhy shocks you! You block the sixfirhy's attack.
You miss the sixfirhy. You block the sixfirhy's attack.
You barely miss the sixfirhy. Your headbutt misses the sixfirhy.
You miss the sixfirhy. The sixfirhy hits you. The sixfirhy shocks you!
The sixfirhy hits you but does no damage.
You miss the sixfirhy. Your headbutt misses the sixfirhy.
The sixfirhy hits you but does no damage. x3
The sixfirhy hits you! The sixfirhy shocks you!
* * * LOW HITPOINT WARNING * * *
You closely miss the sixfirhy. You block the sixfirhy's attack.
The sixfirhy closely misses you.
You miss the sixfirhy. Your headbutt misses the sixfirhy.
You closely miss the sixfirhy. You closely miss the sixfirhy.
You block the sixfirhy's attack. x2
The sixfirhy hits you.
* * * LOW HITPOINT WARNING * * *
The sixfirhy shocks you!
* * * LOW HITPOINT WARNING * * *
The sixfirhy hits you but does no damage.
Unknown command.
You miss the sixfirhy.
You headbutt the sixfirhy, but do no damage.
You block the sixfirhy's attack. x2; The sixfirhy closely misses you.
The sixfirhy barely misses you.
You miss the sixfirhy. You barely miss the sixfirhy.
You closely miss the sixfirhy. Your headbutt misses the sixfirhy.
Xom makes a sudden noise!
You hear an angry buzzing noise.
You hear a shout! x2; You hear a roar!
Something shouts, "Tremble, thou feckless ruttish cross-patch!"
You hear a bark! x2
The sixfirhy hits you but does no damage.
You block the sixfirhy's attack. The sixfirhy hits you.
You die...
Xom laughs nastily!

##
##.##
.#3@# .
##..###
.....
.###. .
# . #
.. # #
. # . .
# #. .


You could see a sixfirhy.

Vanquished Creatures
  An orc knight (Bailey)
  A wraith (D:7)
  7 orc warriors
  5 ice beasts
  3 sky beasts
  A black bear (D:5)
  A centaur (D:6)
  2 ogres (D:6)
  A wolf (D:6)
  A phantom (D:7)
  3 kobold brigands
  6 bullfrogs
  3 scorpions
  3 howler monkeys (D:7)
  2 jellies (D:7)
  5 orc priests
  4 hounds
  2 gnoll boudas (D:7)
  Natasha (twice) (D:3)
  4 iguanas
  4 orc wizards
  13 gnolls
  5 adders
  A shadow imp (D:7)
  A white imp (D:7)
  2 ufetubi (D:5)
  A worm (D:4)
  A dart slug (D:5)
  36 orcs
  8 ball pythons
  6 endoplasms
  2 giant cockroaches
  16 goblins
  14 hobgoblins
  4 jackals (D:1)
  25 kobolds
  3 quokkas
  5 bats
  4 frilled lizards
  4 rats
212 creatures vanquished.

Vanquished Creatures (collateral kills)
  An ogre (D:7)
  A sky beast (D:7)
  A bullfrog (D:6)
  A howler monkey (D:7)
  An orc priest (D:6)
  An iguana (D:6)
  An orc wizard (D:6)
  4 gnolls (D:2)
  An adder (D:6)
  4 shadow imps
  A white imp (D:6)
  An ufetubus (D:6)
  2 orcs (D:6)
  A quokka (D:1)
  15 kobolds
36 creatures vanquished.

Vanquished Creatures (others)
  A water moccasin (D:7)
  A killer bee (D:7)
  A howler monkey (Bailey)
  A goblin (Bailey)
  A hobgoblin (Bailey)
5 creatures vanquished.

Grand Total: 253 creatures vanquished

Notes
Turn   | Place    | Note
-------+----------+-------------------------------------------
     0 | D:1      | Xavori the Djinni Chaos Knight began the quest for the Orb.
     0 | D:1      | Reached XP level 1. HP: 20/20 MP: 0/0
    72 | D:1      | Reached XP level 2. HP: 25/25 MP: 0/0
   390 | D:1      | Reached XP level 3. HP: 30/30 MP: 0/0
   390 | D:1      | Learned a level 1 spell: Necrotise
   425 | D:1      | XOM: silly message
   607 | D:1      | XOM: god gift: grey potion {god gift}
   609 | D:1      | Gained mutation: You are robust. (+10% HP) [potion of
                  | mutation]
   744 | D:1      | XOM: scenery: 1 doors close
   822 | D:1      | Reached skill level 3 in Long Blades
   822 | D:1      | Reached skill level 1 in Spellcasting
   822 | D:1      | Reached skill level 1 in Conjurations
   822 | D:1      | Reached skill level 1 in Hexes
   822 | D:1      | Reached skill level 1 in Summonings
   822 | D:1      | Reached skill level 1 in Necromancy
   822 | D:1      | Reached skill level 1 in Translocations
   822 | D:1      | Reached skill level 1 in Transmutations
   822 | D:1      | Reached skill level 1 in Fire Magic
   822 | D:1      | Reached skill level 1 in Ice Magic
   822 | D:1      | Reached skill level 1 in Air Magic
   822 | D:1      | Reached skill level 1 in Earth Magic
   822 | D:1      | Reached skill level 1 in Poison Magic
   856 | D:1      | XOM: cast spell 'Dispersal'
  1060 | D:1      | XOM: give mutations
  1060 | D:1      | Gained mutation: Your spells are a little easier to cast,
                  | but a little less powerful. [Xom's mischief]
  1060 | D:1      | Gained mutation: You are weak. (Str -2) [Xom's mischief]
  1060 | D:1      | Gained mutation: You do not regenerate when monsters are
                  | visible. [Xom's mischief]
  2145 | D:1      | XOM: give mutations
  2145 | D:1      | Gained mutation: You are agile. (Dex +4, Str/Int -1) [Xom's
                  | mischief]
  2145 | D:1      | Lost mutation: You are weak. (Str -2) [Xom's mischief]
  2145 | D:1      | Lost mutation: You are agile. (Dex +4, Str/Int -1) [Xom's
                  | mischief]
  2304 | D:1      | XOM: silly message
  2478 | D:1      | XOM: summons 1 hostile demon
  2493 | D:2      | XOM: give mutations
  2493 | D:2      | Gained mutation: You expend health (3 HP) to strengthen
                  | your wands. [Xom's grace]
  2493 | D:2      | Gained mutation: Your muscles are strong. (Str +4, Int/Dex
                  | -1) [Xom's grace]
  2493 | D:2      | Lost mutation: Your spells are a little easier to cast, but
                  | a little less powerful. [Xom's grace]
  2493 | D:2      | Lost mutation: You do not regenerate when monsters are
                  | visible. [Xom's grace]
  2493 | D:2      | Gained mutation: Your natural rate of healing is unusually
                  | fast. [Xom's grace]
  2500 | D:2      | XOM: enchant monster (good)
  2556 | D:2      | XOM: noise
  2658 | D:2      | XOM: smoke on damage
  2735 | D:2      | XOM: cast spell 'Call Canine Familiar'
  2746 | D:2      | Reached XP level 4. HP: 25/38 MP: 0/0
  2875 | D:3      | XOM: give mutations
  2875 | D:3      | Gained mutation: You are partially covered in iridescent
                  | scales. (AC +2) [Xom's mischief]
  2875 | D:3      | Gained mutation: Your flesh is almost immune to the effects
                  | of heat. (rF+++) [Xom's mischief]
  2875 | D:3      | Lost mutation: Your natural rate of healing is unusually
                  | fast. [Xom's mischief]
  2947 | D:3      | Found a faded altar of an unknown god.
  2956 | D:3      | XOM: 7-stop teleportation journey
  3061 | D:3      | Reached XP level 5. HP: 44/44 MP: 0/0
  3061 | D:3      | Learned a level 2 spell: Poisonous Vapours
  3083 | D:3      | Noticed Natasha
  3089 | D:3      | XOM: smoke on damage
  3098 | D:3      | XOM: divination: magic mapping
  3099 | D:3      | Killed Natasha
  3506 | D:3      | Noticed Natasha
  3517 | D:3      | Killed Natasha
  3518 | D:3      | Reached XP level 6. HP: 40/51 MP: 0/0
  3749 | D:4      | Found a sparkling altar of Nemelex Xobeh.
  3780 | D:4      | XOM: silly message
  4118 | D:4      | Reached XP level 7. HP: 57/57 MP: 0/0
  4118 | D:4      | Learned a level 3 spell: Gell's Gravitas
  4137 | D:4      | Identified 2 scrolls of acquirement
  4138 | D:4      | Acquired 983 gold pieces
  4177 | D:4      | XOM: divination: magic mapping
  4258 | D:4      | XOM: summons 4 hostile demons
  4290 | D:4      | Acquired the +2 shield of Resistance {rF++ rC++ Will++}
  4290 | D:4      | Found the +2 shield of Resistance {rF++ rC++ Will++}
  4385 | D:4      | XOM: chaos upgrade
  4399 | D:4      | Reached skill level 4 in Long Blades
  4440 | D:4      | XOM: stat loss: -1 Dex (12/13)
  4517 | D:4      | Found a snail-covered altar of Cheibriados.
  4652 | D:5      | Entered Level 5 of the Dungeon
  4686 | D:5      | Reached skill level 1 in Shields
  4907 | D:5      | Reached XP level 8. HP: 59/63 MP: 0/0
  5015 | D:5      | Found a sacrificial altar of Ru.
  5064 | D:5      | Found a burning altar of Makhleb.
  5071 | D:5      | Found a bloodstained altar of Trog.
  5117 | D:5      | Found a hide-covered altar of Uskayaw.
  5234 | D:5      | Acquired a +1 demon blade of venom
  5310 | D:6      | XOM: noise
  5379 | D:6      | XOM: scenery: summon butterflies
  5383 | D:6      | XOM: polymorph kobold brigand -> wolf
  5618 | D:6      | Found Jebikkim's Lightly-Used Armoury.
  5624 | D:6      | Bought a -1 double sword for 140 gold pieces
  5683 | D:6      | Found a glowing silver altar of Zin.
  5683 | D:6      | XOM: butterfly on damage
  5690 | D:6      | Reached skill level 5 in Long Blades
  5714 | D:6      | XOM: god gift: book of Winter
  5805 | D:6      | Found Peuga's Antique Weapon Shoppe.
  5857 | D:6      | XOM: summons 8 friendly demons
  5862 | D:6      | Reached XP level 9. HP: 70/70 MP: 0/0
  5862 | D:6      | Learned a level 4 spell: Leda's Liquefaction
  5880 | D:6      | Reached skill level 5 in Fighting
  5894 | D:6      | XOM: cast spell 'Summon Horrible Things'
  5897 | D:6      | Reached skill level 5 in Dodging
  6214 | D:6      | Found a staircase to the Ecumenical Temple.
  6309 | D:6      | XOM: divination: detect creatures
  6321 | D:7      | XOM: smoke on damage
  6341 | D:6      | XOM: give mutation
  6341 | D:6      | Gained mutation: You have supernaturally acute eyesight.
                  | (SInv) [Xom's grace]
  6556 | D:7      | Reached skill level 6 in Long Blades
  6597 | D:7      | Found a flagged portal.
  6664 | Bailey   | Entered a bailey
  6745 | Bailey   | Noticed an orc knight
  6754 | Bailey   | XOM: fog
  6757 | Bailey   | XOM: polymorph orc warrior -> bullfrog
  6763 | Bailey   | XOM: divination: detect creatures
  6766 | Bailey   | Killed an orc knight
  6767 | Bailey   | Reached skill level 5 in Shields
  6767 | Bailey   | Reached XP level 10. HP: 23/78 MP: 0/0
  6920 | Bailey   | XOM: god gift: 57 gold pieces
  6951 | Bailey   | XOM: chaos cloud
  6957 | Bailey   | XOM: chaos upgrade
  7038 | Bailey   | XOM: 3-stop teleportation journey
  7051 | Bailey   | Reached skill level 5 in Armour
  7302 | Bailey   | Noticed an orc warlord
  7304 | Bailey   | XOM: 3-stop teleportation journey
  7392 | Bailey   | XOM: confuse monster(s)
  7487 | Bailey   | Acquired 963 gold pieces
  7615 | D:7      | XOM: give mutations
  7615 | D:7      | Gained mutation: You are clumsy. (Dex -2) [Xom's mischief]
  7615 | D:7      | Gained mutation: You have a pair of small horns on your
                  | head. [Xom's mischief]
  7631 | D:7      | XOM: cast spell 'Dispersal'
  7634 | D:7      | XOM: cleaving
  7636 | D:7      | XOM: cast spell 'Discord'
  7640 | D:7      | Reached skill level 7 in Long Blades
  7653 | D:7      | XOM: cast spell 'Chain of Chaos'
  7655 | D:7      | XOM: smoke on damage
  7891 | D:7      | XOM: 2-stop teleportation journey
  7990 | D:7      | Found a large runed translucent door.
  7991 | D:7      | Found a large runed translucent door.
  8229 | D:7      | Found a hazy altar of Hepliaklqana.
  8320 | D:8      | Noticed Psyche
  8337 | Abyss:1  | Cast into level 1 of the Abyss (Psyche)
  8513 | Abyss:1  | Noticed a sixfirhy
  8522 | Abyss:1  | HP: 1/79 [sixfirhy (12)]
  8526 | Abyss:1  | XOM: noise
  8526 | Abyss:1  | Slain by a sixfirhy

Illustrated notes

Levels and vault maps discovered:
D:1:      wander_arrival_chamber, layout_basic, kennysheep_pointless_box
D:2:      layout_rooms, corexii_corridor_pit
D:3:      layout_loops_cross, chequers_ecumenical_altar_twisty, uniq_natasha
D:4:      kennysheep_kobold_camp, layout_basic, cheibrodos_worm_habitat,
          lemuel_tele_altar
D:5:      layout_rooms, nicolae_uskayaw_murder_on_the_dancefloor,
          nicolae_ru_sacrificial_ziggurat, amethyst_overflow_temple_binary
D:6:      minmay_chambers_of_threes, layout_rooms, mainiacjoe_overflow_24_doors,
          minmay_temple_entry_nine_rooms, serial_shops, nicolae_shop_dealshenge,
          minmay_shop_damaged, kennysheep_cross_bottleneck
D:7:      cheibrodos_barr_body, layout_basic, jmf_multi_god_temple2,
          enter_bailey_5, minmay_misc_feat_secret_circle
D:8:      layout_loops_cross, nicolae_qazlal_scattered_showers,
          minmay_shattered_shrine, uniq_psyche, uniq_erica, uniq_prince_ribbit1,
          uniq_joseph, uniq_grum
Abyss:1:  base:
D:5

Skill      XL: |  1  2  3  4  5  6  7  8  9 10 |
---------------+-------------------------------+-----
Long Blades    | 3 4 5 6 7 |  7.3
Spellcasting   | 1 2 3 4 |  4.2
Conjurations   | 1 2 3 4 |  4.2
Hexes          | 1 2 3 4 |  4.2
Summonings     | 1 2 3 4 |  4.2
Necromancy     | 1 2 3 4 |  4.2
Translocations | 1 2 3 4 |  4.2
Transmutations | 1 2 3 4 |  4.2
Fire Magic     | 1 2 3 4 |  4.2
Ice Magic      | 1 2 3 4 |  4.2
Air Magic      | 1 2 3 4 |  4.2
Earth Magic    | 1 2 3 4 |  4.2
Poison Magic   | 1 2 3 4 |  4.2
Armour         | 2 3 4 5 |  5.4
Dodging        | 3 4 5 6 |  6.3
Fighting       | 4 5 6 |  6.2
Shields        | 2 3 5 6 |  6.5

Action                     |  1- 3 |  4- 6 |  7- 9 | 10-12 || total
---------------------------+-------+-------+-------+-------++-------
  Melee: Falchion          |    66 |       |       |       ||    66
         Short sword       |    24 |   114 |   108 |       ||   246
         Demon blade       |       |       |   203 |   205 ||   408
         Headbutt          |       |       |       |    20 ||    20
   Cast: Poisonous Vapours |       |     2 |     5 |     2 ||     9
    Use: Potion            |     1 |       |       |     2 ||     3
         Scroll            |       |     2 |     7 |    10 ||    19
   Stab: Sleeping          |       |     2 |       |     1 ||     3
 Armour: Leather armour    |    89 |    49 |   192 |   106 ||   436
  Dodge: Dodged            |    94 |    50 |   165 |    59 ||   368
  Block: Kite shield       |       |       |   180 |   116 ||   296

Table legend: (Time is in decaauts)
 A = Elapsed time spent in this place.
 B = Non-inter-level travel time spent in this place.
 C = Inter-level travel time spent in this place.
 D = Time resting spent in this place.
 E = Time spent auto-exploring this place.
 F = Levels seen in this place.
 G = Mean time per level.
                   A        B        C        D        E       F      G
               +--------+--------+--------+--------+--------+-----+--------+
         Total |   8588 |   8431 |    157 |   2259 |   4601 |  10 |  858.8 |
       Dungeon |   7548 |   7391 |    157 |   1728 |   4452 |   8 |  943.5 |
         Abyss |    188 |    188 |      0 |    169 |      0 |   1 |  188.0 |
        Bailey |    850 |    850 |      0 |    362 |    149 |   1 |  850.0 |
               +--------+--------+--------+--------+--------+-----+--------+

Top non-repeatable levels by time:
     D:1: 2496 daAuts
     D:6: 1220 daAuts
     D:7: 1018 daAuts
     D:4: 1004 daAuts
  Bailey: 850 daAuts
     D:3: 792 daAuts
     D:5: 611 daAuts
     D:2: 363 daAuts
 Abyss:1: 188 daAuts
     D:8: 40 daAuts
